 Dungeon Crawl Stone Soup version 0.17-a0-2058-g8b0eb12 (webtiles) character file.

88 Lysie the Ducker (level 4, 0/21 HPs)
             Began as a Spriggan Enchanter on Oct 12, 2015.
             Killed from afar by an orc wizard (8 damage)
             ... with a magic dart
             ... on level 3 of the Dungeon.
             The game lasted 00:04:38 (1582 turns).

Lysie the Ducker (Spriggan Enchanter)               Turns: 1582, Time: 00:04:39

Health: 0/21       AC:  3    Str:  5    XL:     4   Next: 29%
Magic:  1/9        EV: 20    Int: 16    God:
Gold:   51         SH:  0    Dex: 16    Spells: 3 memorised, 2 levels left

rFire  . . .     SeeInvis +     g - +1 dagger (holy)
rCold  . . .     Clarity  .     b - +1 robe
rNeg   . . .     SustAt   .     (shield restricted)
rPois  .         Gourm    .     (helmet restricted)
rElec  .         Spirit   .     (no cloak)
rCorr  .         Warding  .     (gloves unavailable)
rMut   .         Stasis   .     (boots unavailable)
MR     .....                    f - amulet of inaccuracy (curse)
Stlth  +++.......               (no ring)
                                (no ring)

@: very slightly contaminated, very quick, not resistant to hostile
enchantments, fairly stealthy
A: unfitting armour, see invisible, herbivore 3, speed 3, slow metabolism 2
a: no special abilities


You were on level 3 of the Dungeon.
You were not hungry.

You visited 1 branch of the dungeon, and saw 3 of its levels.

You collected 51 gold pieces.

Inventory:

Hand Weapons
 a - a +1 dagger
 g - a +1 dagger of holy wrath (weapon)
Armour
 b - a +1 robe (worn)
Jewellery
 f - a cursed amulet of inaccuracy (around neck)
Scrolls
 h - a scroll of random uselessness {unknown}
 j - 2 scrolls of identify
 k - 3 scrolls of amnesia
Potions
 e - a potion of resistance
 i - 2 potions of heal wounds {unknown}
 l - a potion of lignification {unknown}
Books
 c - a book of Maledictions

   Spells                             Type                      Level
   a - Corona                         Hexes                        1
   b - Ensorcelled Hibernation        Hexes/Ice                    2
   c - Confuse                        Hexes                        3
   d - Tukima's Dance                 Hexes                        3
   e - Dazzling Spray                 Conjuration/Hexes            3
Comestibles
 d - 3 bread rations


   Skills:
 * Level 3.3 Short Blades
 + Level 5.1 Dodging
 - Level 4.4 Stealth
 - Level 2.6 Spellcasting
 - Level 3.6 Hexes


You had 2 spell levels left.
You knew the following spells:

 Your Spells              Type           Power        Failure   Level  Hunger
a - Corona                Hex            ##.....      6%          1    #......
b - Ensorcelled Hibernat  Hex/Ice        #.....       17%         2    ##.....
c - Dazzling Spray        Conj/Hex       #.......     34%         3    ###....


Dungeon Overview and Level Annotations

Branches:
Dungeon (3/15)

Altars:
Ashenzari
Makhleb
The Shining One


Innate Abilities, Weirdness & Mutations

You are tiny and cannot use many weapons and most armour.
You have supernaturally acute eyesight.
You are a herbivore.
You cover ground extremely quickly.
You need consume almost no food.


Message History

Aim: an orc wizard, wielding a dagger and wearing a robe (lightly wounded, fast, chance to defeat MR: 38%)
The orc wizard resists with some effort.
The orc wizard gestures at you while chanting.
The magic dart hits you! The orc wizard hits you with a dagger.
Casting: Ensorcelled Hibernation
Confirm with . or Enter, or press ? or * to list all spells.
Aiming: Ensorcelled Hibernation
Press: ? - help, Shift-Dir - straight line, f/p - orc wizard
Aim: an orc wizard, wielding a dagger and wearing a robe (lightly wounded, fast, chance to defeat MR: 38%)
You miscast Ensorcelled Hibernation.
You are very lightly contaminated with residual magic.
You hear a crackling sound.
The orc wizard closely misses you.
You completely miss the orc wizard.
The orc wizard is lightly wounded.
The orc wizard closely misses you.
The orc wizard points at you and mumbles some strange words.
The magic dart hits you!
You die...

## # ..# ############
.#...#
........[[.#####..#...
####.[.<...)@o.......
#.####.#.#...##.. #
#.#.ยง.......#
#............
..)..#...#.###.#
#####....##.# . .###.#
#.. .# ##. ##( .. #.


You could see an orc wizard.

Vanquished Creatures
  An orc priest (D:3)
  An adder (D:2)
  2 oozes (D:1)
  A giant gecko (D:2)
  7 orcs
  A ball python (D:1)
  4 bats (D:1)
  5 giant newts
  5 goblins
  3 kobolds
  13 rats
43 creatures vanquished.

Notes
Turn   | Place    | Note
--------------------------------------------------------------
     0 | D:1      | Lysie the Spriggan Enchanter began the quest for the Orb.
     0 | D:1      | Reached XP level 1. HP: 9/9 MP: 5/5
   229 | D:1      | Reached XP level 2. HP: 13/13 MP: 6/6
   234 | D:1      | Learned a level 2 spell: Ensorcelled Hibernation
   592 | D:1      | You fall through a shaft!
   592 | D:2      | Found a burning altar of Makhleb.
   596 | D:2      | Found a shattered altar of Ashenzari.
   602 | D:2      | Found a glowing golden altar of the Shining One.
   625 | D:2      | Reached XP level 3. HP: 16/16 MP: 8/8
  1060 | D:2      | Learned a level 3 spell: Dazzling Spray
  1126 | D:2      | Found a faded altar to an unknown god.
  1264 | D:3      | Reached XP level 4. HP: 17/21 MP: 9/9
  1475 | D:3      | Reached skill level 5 in Dodging
  1582 | D:3      | Killed from afar by an orc wizard

Vault maps used:
D:1:      dpeg_arrival_rhombi, minmay_rat_gold_closets
D:2:      grunt_temple_overflow_diamond, ecumenical_altar_2

Action                   |  1- 3 |  4- 6 || total
-------------------------+-------+-------++-------
Melee: Dagger            |   113 |    41 ||   154
 Cast: Ensorcelled Hiber |     6 |     3 ||     9
       Dazzling Spray    |       |     2 ||     2
  Use: Scroll            |     6 |       ||     6
 Stab: Sleeping          |    18 |       ||    18
       Invisible         |       |     2 ||     2
